 Dungeon Crawl Stone Soup version 0.31-a0-771-g505c3d19dc (webtiles) character file.

Game seed: 18394434351833274888

2135 Psyclone the Thaumaturge (level 9, -1/51 HPs)
             Began as an Octopode Fire Elementalist on Sept 16, 2023.
             Was an Initiate of Gozag.
             Slain by Duvessa
             ... wielding a +1 rapier of venom
              (12 damage)
             ... on level 7 of the Dungeon.
             The game lasted 00:27:31 (8617 turns).

Psyclone the Thaumaturge (OpFE)                     Turns: 8617, Time: 00:27:32

Health: -1/51      AC:  5    Str:  6    XL:     9   Next: 30%
Magic:  11/23      EV: 12    Int: 25    God:    Gozag
Gold:   895        SH:  6    Dex: 10    Spells: 18/29 levels left

rFire   + . .        b - +2 short sword (holy)
rCold   x . .        c - +2 buckler
rNeg    + + .        (helmet restricted)
rPois   .            (no amulet)
rElec   .            d - ring of positive energy
rCorr   .            f - ring of positive energy
SInv    +            m - +4 ring of protection
Will    .....        e - ring of fire
Stlth   +++          (no ring)
HPRegen 0.28/turn    (no ring)
MPRegen 0.18/turn    (no ring)
                     (no ring)

%: no passive effects
@: no status effects
A: almost no armour, amphibious, 8 rings, camouflage 1, gelatinous body 1,
(nimble swimmer 1), tentacles, see invisible, clever 1, clumsy 1
a: Renounce Religion, Potion Petition, Call Merchant, Bribe Branch


You were on level 7 of the Dungeon.
You worshipped Gozag.
Gozag was pleased with you.
You visited 2 branches of the dungeon, and saw 8 of its levels.
You also visited: Ossuary.

You collected 1704 gold pieces.
You paid 809 gold pieces to Gozag.

Inventory:

Hand Weapons
 b - a +2 short sword of holy wrath (weapon)
 j - a +3 short sword
 A - a +2 short sword of draining
Armour
 c - a +2 buckler (worn)
Magical Staves
 a - a staff of conjuration
Jewellery
 d - a ring of positive energy (left tentacle)
 e - a ring of fire (on tentacle)
 f - a ring of positive energy (right tentacle)
 m - a +4 ring of protection (on tentacle)
Wands
 D - a wand of charming (7)
Scrolls
 k - 2 scrolls of fog {unknown}
 l - 3 scrolls of blinking
 o - a scroll of summoning {unknown}
 p - 2 scrolls of teleportation
 q - a scroll of torment {unknown}
 s - a scroll of immolation {unknown}
 t - a scroll of poison {unknown}
 v - a scroll of fear {unknown}
 w - a scroll of vulnerability {unknown}
 y - a scroll of enchant weapon {unknown}
 B - 4 scrolls of revelation {unknown}
Potions
 g - 3 potions of might
 h - 2 potions of enlightenment
 i - a potion of resistance
 n - 3 potions of magic
 r - 4 potions of attraction
 u - 2 potions of curing
 x - 2 potions of cancellation
 z - a potion of invisibility


   Skills:
 - Level 2.0 Dodging
 - Level 2.6 Stealth
 - Level 4.0 Shields
 + Level 10.5 Spellcasting
 - Level 1.0 Conjurations
 - Level 3.0 Fire Magic


You had 18 spell levels left.
You knew the following spells:

 Your Spells              Type           Power      Damage    Failure   Level
a - Foxfire               Conj/Fire      100%       2x1d9     3%          1
b - Scorch                Fire           84%        2d8       3%          2
c - Sting                 Tmut/Pois      52%        1d5       8%          1
d - Sticky Flame          Conj/Fire      34%        2d5       32%         4
e - Inner Flame           Hex/Fire       31%        N/A       12%         3

Your spell library contained the following spells:

 Spells                   Type           Power      Damage    Failure   Level
 Apportation              Tloc           26%        N/A       8%          1
 Necrotise                Necr           52%        1d6       8%          1
 Summon Small Mammal      Summ           52%        N/A       8%          1
 Volatile Blastmotes      Fire/Tloc      62%        2d15      12%         3
 Stone Arrow              Conj/Erth      30%        3d8       19%         3
 Call Canine Familiar     Summ           13%        N/A       22%         3
 Sigil of Binding         Hex            13%        N/A       22%         3
 Summon Guardian Golem    Hex/Summ       13%        N/A       22%         3
 Flame Wave               Conj/Fire      34%        2d10      32%         4
 Dimensional Bullseye     Hex/Tloc       6%         N/A       58%         4
 Leda's Liquefaction      Hex/Erth       6%         N/A       58%         4


Dungeon Overview and Level Annotations

Branches:
Dungeon (7/15) Zot: 26351  Temple (1/1) D:5 Zot: 5977 Ossuary (visited)

Altars:
Cheibriados
Fedhas
Gozag
Hepliaklqana
Kikubaaqudgha
Makhleb
Nemelex Xobeh
Okawaru
Qazlal
Ru
Sif Muna
Trog
Uskayaw
Vehumet
Wu Jian
Xom
Yredelemnul
Zin
The Shining One

Shops:
D:5 :   D:6 [

Annotations:
D:3 Sigmund
D:4 1 runed translucent door, hgbash's ghost, amateur OpCj
D:6 exclusions: 2 downstairs and 1 more exclusion
D:7 Duvessa; Prince Ribbit


Innate Abilities, Weirdness & Mutations

You cannot wear most types of armour.
You are amphibious.
You can wear up to eight rings at the same time.
Your skin changes colour to match your surroundings (Stealth+).
Your rubbery body absorbs attacks. (AC +1, EV +1)
((You are camouflaged when in or above water. (Stealth+)))
You have tentacles for arms and can constrict up to eight enemies at once.
You have supernaturally acute eyesight. (SInv)
Your mind is acute. (Int +4, Str/Dex -1)
You are clumsy. (Dex -2)


Message History

You feel a surge of power!
Flames lash Duvessa but do no damage.
You constrict Duvessa, but do no damage.
You feel very sick.
You hear a shout!
Duvessa hits you with a +1 rapier of venom!
You are more poisoned.
You take 10 damage, and have 23/51 hp.
You now have 17/23 mp.
Casting: Scorch (safe; 3% risk of failure)
Confirm with . or Enter, or press ? or * to list all spells.
You feel a surge of power!
Flames lash Duvessa.
Duvessa is lightly wounded.
Duvessa's fire resistance burns away.
You constrict Duvessa, but do no damage.
You feel very sick. You block Duvessa's attack. x2
Your magical contamination has completely faded away.
You take 5 damage, and have 18/51 hp.
You now have 15/23 mp.
Casting: Scorch (safe; 3% risk of failure)
Confirm with . or Enter, or press ? or * to list all spells.
Aiming: Sticky Flame (quite dangerous; 32% risk of failure)
Press: ? - help, Shift-Dir - straight line, f - Duvessa
Aim: Duvessa, wielding a +1 rapier of venom and wearing a +0 chain mail (lightly wounded, constricted by you, berserk, more vulnerable to fire)
You feel a surge of power!
The sticky flame hits Duvessa.
Duvessa is burned terribly!
Duvessa is moderately wounded.
Duvessa is covered in liquid flames!
You constrict Duvessa, but do no damage.
You feel very sick.
Duvessa burns!
Duvessa hits you with a +1 rapier of venom!
* * * LOW HITPOINT WARNING * * *
You are more poisoned.
An orc comes into view. It is wielding a +0 club.
You take 16 damage, and have 2/51 hp.
MASSIVE DAMAGE!!
You now have 11/23 mp.
You feel better.
You constrict Duvessa, but do no damage.
Duvessa burns!
Duvessa hits you with a +1 rapier of venom!
You die...
Your body crumbles into a pile of gold.

... #$# ... #o# ......#.#
# .......#.#.#
.......#.#v##
..........§. .....#.#.# .
##.#.#e#.##..#
#.....@.......
#............## #..
#.##...#..#[......... #
#...#..##.##.##..##
#...#..##.........
#...#§.##........#
#........... #..###
######..##..##.#####..##.
.........................


You could see Duvessa (berserk, burning, combustible) and an orc.

Vanquished Creatures
  Menkaure (D:7)
  Edmund (D:6)
  A black bear (D:6)
  3 sky beasts
  An ogre (D:6)
  A phantom (D:5)
  A kobold brigand (D:6)
  4 scorpions
  A wight (D:6)
  Dowan (D:7)
  A howler monkey (D:5)
  A crimson imp (D:3)
  2 hounds
  A jelly (D:4)
  Crazy Yiuf (D:5)
  4 orc priests
  2 iguanas
  4 orc wizards (D:6)
  14 mummies
  8 gnolls
  12 adders
  2 shadow imps (D:5)
  3 white imps
  2 worms
  3 dart slugs (D:1)
  20 orcs
  5 ball pythons
  8 endoplasms
  3 giant cockroaches
  7 goblins
  10 hobgoblins
  A jackal (D:1)
  10 kobolds
  4 quokkas
  2 bats
  6 frilled lizards
  2 gnoll skeletons (Ossuary)
  A goblin skeleton (Ossuary)
  3 goblin zombies (D:3)
  3 hobgoblin zombies (D:3)
  4 kobold skeletons (Ossuary)
  3 orc skeletons
  12 rats
  11 rat skeletons (Ossuary)
190 creatures vanquished.

Vanquished Creatures (collateral kills)
  10 foxfires
10 creatures vanquished.

Vanquished Creatures (others)
  693 foxfires
693 creatures vanquished.

Grand Total: 893 creatures vanquished

Notes
Turn   | Place    | Note
-------+----------+-------------------------------------------
     0 | D:1      | Psyclone the Octopode Fire Elementalist began the quest for
                  | the Orb.
     0 | D:1      | Reached XP level 1. HP: 11/11 MP: 3/3
     2 | D:1      | Got a disorganized
   151 | D:1      | Reached XP level 2. HP: 17/17 MP: 2/5
   356 | D:1      | Reached skill level 3 in Spellcasting
   388 | D:1      | Reached XP level 3. HP: 14/21 MP: 1/7
   866 | D:1      | Found a faded altar of an unknown god.
  1818 | D:2      | Reached XP level 4. HP: 27/27 MP: 5/9
  2052 | D:2      | Reached skill level 1 in Shields
  2516 | D:2      | Identified 2 scrolls of acquirement
  2561 | D:3      | Found a glowing golden altar of the Shining One.
  2572 | D:3      | Reached skill level 4 in Spellcasting
  2808 | D:3      | Reached XP level 5. HP: 31/31 MP: 5/11
  3122 | D:3      | Noticed Sigmund
  3227 | D:3      | Learned a level 2 spell: Scorch
  3229 | D:3      | Learned a level 1 spell: Sting
  3635 | D:3      | Gained mutation: You are clumsy. (Dex -2) [potion of
                  | mutation]
  3635 | D:3      | Gained mutation: You have supernaturally acute eyesight.
                  | (SInv) [potion of mutation]
  3635 | D:3      | Gained mutation: Your mind is acute. (Int +4, Str/Dex -1)
                  | [potion of mutation]
  3738 | D:4      | Found a runed translucent door.
  3750 | D:4      | Noticed hgbash's ghost (amateur OpCj)
  3755 | D:4      | Noticed a sky beast
  3762 | D:4      | Killed a sky beast
  3763 | D:4      | Reached skill level 5 in Spellcasting
  3763 | D:4      | Reached XP level 6. HP: 36/36 MP: 4/13
  3887 | D:4      | Found a sand-covered staircase.
  3900 | D:4      | Learned a level 3 spell: Inner Flame
  3905 | D:4      | Learned a level 4 spell: Sticky Flame
  3907 | Ossuary  | Entered an ossuary
  4207 | Ossuary  | Reached XP level 7. HP: 19/41 MP: 15/15
  4781 | D:4      | Reached skill level 6 in Spellcasting
  5277 | D:4      | Found a glowing silver altar of Zin.
  5302 | D:5      | Entered Level 5 of the Dungeon
  5356 | D:5      | Found a staircase to the Ecumenical Temple.
  5368 | Temple   | Entered the Ecumenical Temple
  5379 | Temple   | Became a worshipper of Gozag Ym Sagoz the Greedy
  5393 | D:5      | Acquired 1105 gold pieces
  5397 | D:5      | Acquired a ring of fire
  5540 | D:5      | Reached skill level 7 in Spellcasting
  5660 | D:5      | Reached XP level 8. HP: 38/46 MP: 13/19
  5895 | D:5      | Found a runed translucent door.
  5896 | D:5      | Noticed Crazy Yiuf
  5912 | D:5      | Killed Crazy Yiuf
  6157 | D:5      | Reached skill level 8 in Spellcasting
  6822 | D:6      | Found Raulofaoni's Antique Armour Emporium.
  7080 | D:6      | Noticed Edmund
  7096 | D:6      | Killed Edmund
  7097 | D:6      | Reached skill level 9 in Spellcasting
  7353 | D:6      | Reached XP level 9. HP: 51/51 MP: 16/22
  7536 | D:6      | Reached skill level 10 in Spellcasting
  7914 | D:6      | Found a stormy altar of Qazlal.
  8102 | D:7      | Noticed Menkaure
  8104 | D:7      | Noticed Dowan
  8105 | D:7      | Noticed Prince Ribbit
  8106 | D:7      | Noticed Duvessa
  8110 | D:7      | Killed Menkaure
  8430 | D:7      | Killed Dowan
  8616 | D:7      | HP: 2/51 [Duvessa/+1 rapier of venom (13)]
  8617 | D:7      | Slain by Duvessa

Illustrated notes

Levels and vault maps discovered:
D:1:      elethiomel_arrival_infinity_welcomes_careful_drivers, layout_rooms,
          hellmonk_ecumenical_altar_inner_sanctum, minmay_pentomino_v4
D:2:      cheibrodos_old_hovel, layout_basic, minmay_hedge_maze
D:3:      layout_loops_cross, nicolae_tso_besieged_by_evil,
          kennysheep_generic_room_9, uniq_sigmund
D:4:      layout_rooms, zin_treasury, gup_ossuary_entry_pyramid,
          ebering_ghost_sewer_d, minmay_puff
D:5:      layout_gridville, minmay_temple_entry_drinking_statues,
          uniq_crazy_yiuf_cottage
D:6:      layout_basic, nicolae_overflow_hidden_temple, serial_shops,
          nicolae_shop_peninsula, nicolae_twisty_statue_hallways, uniq_edmund
D:7:      layout_basic, gammafunk_ghost_icy, minmay_curled_crystal,
          chequers_arboretum, due_unseen_surprise, uniq_joseph, uniq_menkaure,
          uniq_duvessa, uniq_prince_ribbit1
Temple:   nicolae_temple_elliptical

Skill      XL: |  1  2  3  4  5  6  7  8  9 |
---------------+----------------------------+-----
Spellcasting   | 3 4 5 7 9 10 | 10.5
Shields        | 1 3 4 |  4.0
Dodging        | |  2.0
Stealth        | |  2.6
Conjurations   | |  1.0
Fire Magic     | |  3.0

Action                     |  1- 3 |  4- 6 |  7- 9 || total
---------------------------+-------+-------+-------++-------
  Melee: Unarmed           |   255 |       |       ||   255
         Constrict         |     8 |    25 |    11 ||    44
         Tentacles         |    88 |    36 |     7 ||   131
         Staff             |     2 |    37 |    20 ||    59
         Punch             |     2 |       |       ||     2
         Short sword       |       |    55 |    17 ||    72
   Cast: Foxfire           |    69 |    84 |   260 ||   413
         Sting             |       |     5 |       ||     5
         Scorch            |       |       |     4 ||     4
         Sticky Flame      |       |       |     1 ||     1
 Invoke: Call Merchant     |       |       |     1 ||     1
    Use: Scroll            |       |     4 |     9 ||    13
         Potion            |       |     4 |     3 ||     7
   Stab: Sleeping          |     1 |     1 |     1 ||     3
 Armour: Skin              |    12 |    26 |    49 ||    87
  Dodge: Dodged            |    18 |    25 |    42 ||    85
  Block: Buckler           |       |    20 |    26 ||    46

Table legend: (Time is in decaauts)
 A = Elapsed time spent in this place.
 B = Non-inter-level travel time spent in this place.
 C = Inter-level travel time spent in this place.
 D = Time resting spent in this place.
 E = Time spent auto-exploring this place.
 F = Levels seen in this place.
 G = Mean time per level.
                   A        B        C        D        E       F      G
               +--------+--------+--------+--------+--------+-----+--------+
         Total |   8621 |   8285 |    336 |    903 |   5040 |   9 |  957.9 |
       Dungeon |   7944 |   7608 |    336 |    655 |   5040 |   7 | 1134.9 |
        Temple |     22 |     22 |      0 |      0 |      0 |   1 |   22.0 |
       Ossuary |    654 |    654 |      0 |    248 |      0 |   1 |  654.0 |
               +--------+--------+--------+--------+--------+-----+--------+

Top non-repeatable levels by time:
     D:6: 1781 daAuts
     D:2: 1654 daAuts
     D:5: 1277 daAuts
     D:1: 1067 daAuts
     D:4: 967 daAuts
     D:3: 958 daAuts
 Ossuary: 654 daAuts
     D:7: 237 daAuts
  Temple: 22 daAuts
